 Dungeon Crawl Stone Soup version 0.29.0-11-gd7f09526c8 (webtiles) character file.

Game seed: 6653929182825258484

45 H0rd4k the Charlatan (level 3, 0/26 HPs)
             Began as a Human Artificer on Sept 5, 2022.
             Slain by a phantom (4 damage)
             ... on level 1 of the Dungeon.
             The game lasted 00:02:02 (2911 turns).

H0rd4k the Charlatan (Human Artificer)              Turns: 2911, Time: 00:02:02

Health: 0/26       AC:  3    Str: 18    XL:     3   Next: 90%
Magic:  3/3        EV: 11    Int: 13    God:
Gold:   33         SH:  0    Dex: 13    Spells: 2/2 levels left

rFire   . . .      SeeInvis .   m - +0 whip (flame)
rCold   . . .      Faith    .   (no shield)
rNeg    . . .      Spirit   .   b - +0 leather armour
rPois   .          Reflect  .   (no helmet)
rElec   .          Harm     .   (no cloak)
rCorr   .          Rampage  .   (no gloves)
Will    .....                   (no boots)
Stlth   +.........              (no amulet)
HPRegen 0.08/turn               f - ring of wizardry
MPRegen 0.08/turn               l - +6 ring of strength

@: no status effects
A: no striking features
a: no special abilities


You were on level 1 of the Dungeon.
You visited 1 branch of the dungeon, and saw 2 of its levels.

You collected 33 gold pieces.

Inventory:

Hand Weapons
 m - a +0 whip of flaming (weapon)
Missiles
 j - 3 poisoned darts
Armour
 b - a +0 leather armour (worn)
Jewellery
 f - a ring of wizardry (left hand)
 l - a +6 ring of strength (right hand)
Wands
 c - a wand of flame (8) (quivered)
 d - a wand of charming (12)
 e - a wand of iceblast (5)
Scrolls
 i - a scroll of teleportation {unknown}
 k - a scroll of identify {unknown}
Potions
 a - a potion of curing {unknown}
 g - a potion of brilliance {unknown}
 h - a potion of mutation {unknown}


   Skills:
 + Level 1.4 Fighting
 + Level 1.2 Maces & Flails
 - Level 2.0 Armour
 + Level 1.2 Dodging
 - Level 1.0 Stealth
 * Level 0.1 Spellcasting
 + Level 3.9 Evocations


You had 2 spell levels left.
You didn't know any spells.
Your spell library contained the following spells:

 Spells                   Type           Power      Damage    Failure   Level
 Shock                    Conj/Air       0%         1d3       16%         1
 Swiftness                Air            0%         N/A       38%         3
 Airstrike                Air            0%         2d(0-16)  78%         4


Dungeon Overview and Level Annotations

Branches:
Dungeon (2/15)

Altars:
Sif Muna


Message History

Things that are here:
a +0 hand axe; a boomerang
Things that are here:
a +0 club; an orc skeleton
Items here: )) [[ ÷÷.
m - a +0 whip of flaming Your +0 whip of flaming bursts into flame!
m - a +0 whip of flaming (weapon)
You drop a +0 club.
Items here: )) [[ ÷÷.
Things that are here:
a +0 club; an orc skeleton
Things that are here:
a +0 hand axe; a boomerang
Things that are here:
a +0 whip; a kobold skeleton
a - a fuming clear potion
Found 5 stones.
Found 5 stones.
Found a mace.
Found 3 stones.
A phantom comes into view.
Found a stone staircase leading up.
A phantom is nearby!
A phantom is nearby!
A phantom is nearby!
You see here 3 stones.
There is a stone staircase leading up here.
The phantom hits you.
You climb upwards.
There is a stone staircase leading down here.
The phantom hits you. The phantom attacks as you move away!
The phantom completely misses you. The phantom attacks as you move away!
The phantom hits you. The phantom attacks as you move away!
The phantom hits you! The phantom attacks as you move away!
The phantom hits you. The phantom attacks as you move away!
The phantom hits you.
* * * LOW HITPOINT WARNING * * *
The phantom attacks as you move away! The phantom hits you.
You die...

#..###..##.....#.####.########
##..#..###.....#......###
#..#..###..............##
##...###.....>..........#
#.<.# #................#
##(..###..........#+###.#
#..#..##............# #.#
##..#..###.......#.#.#
#†######
#..###..##.....#@#.#.#
#......# #.##
##.##.....#W#.#.# ######.# #.#
#.##.....#.#.#.# #.# .##
##.#####.#.#.#.# ### #.#
#########.####.#.#.#.# #.###.#
.............#.#.#.#.# #.....#
......#............#.# #.#####
....#.#......#.#.###.# #.#
....#.####.....#.....# #.#


You could see a phantom.

Vanquished Creatures
  2 dart slugs (D:1)
  3 orcs (D:2)
  A bat (D:1)
  2 endoplasms (D:1)
  2 goblins (D:1)
  10 hobgoblins (D:1)
  A quokka (D:1)
  5 ball pythons (D:1)
  3 kobolds
  3 rats (D:1)
32 creatures vanquished.

Vanquished Creatures (collateral kills)
  An orc (D:2)
1 creature vanquished.

Vanquished Creatures (others)
  2 adders (D:2)
2 creatures vanquished.

Grand Total: 35 creatures vanquished

Notes
Turn   | Place    | Note
-------+----------+-------------------------------------------
     0 | D:1      | H0rd4k the Human Artificer began the quest for the Orb.
     0 | D:1      | Reached XP level 1. HP: 15/15 MP: 1/1
   102 | D:1      | Reached XP level 2. HP: 11/21 MP: 2/2
  1109 | D:1      | Reached XP level 3. HP: 13/26 MP: 3/3
  1724 | D:1      | HP: 1/26 [hobgoblin/+0 club (7)]
  2103 | D:1      | Found a faded altar of an unknown god.
  2305 | D:1      | Reached skill level 1 in Maces & Flails
  2804 | D:2      | Found a shimmering blue altar of Sif Muna.
  2878 | D:2      | Noticed a phantom
  2911 | D:1      | Slain by a phantom

Illustrated notes

Levels and vault maps discovered:
D:1:      dpeg_arrival_simpleton_a, layout_basic,
          chequers_ecumenical_altar_twisty
D:2:      layout_basic, basic_altar, uniq_robin

Skill      XL: |  1  2  3 |
---------------+----------+-----
Maces & Flails | 1 |  1.2
Fighting       | |  1.4
Armour         | |  2.0
Dodging        | |  1.2
Stealth        | |  1.0
Spellcasting   | |  0.1
Evocations     | |  3.9

Action                   || total
-------------------------++-------
Melee: Club              ||   117
       Punch             ||     1
Evoke: Wand              ||    10
 Stab: Sleeping          ||     2
       Distracted        ||     1
Armor: Leather armour    ||    28
Dodge: Dodged            ||    85
